 Dungeon Crawl Stone Soup version 0.28-a0-1130-gc51a68064b (webtiles) character file.

Game seed: 3893746571823713454

35 mcbry74 the Poker (level 3, 0/27 HPs)
             Began as a Merfolk Gladiator on Dec 12, 2021.
             Slain by Natasha (1 damage)
             ... on level 2 of the Dungeon.
             The game lasted 00:02:23 (1852 turns).

mcbry74 the Poker (Merfolk Gladiator)               Turns: 1852, Time: 00:02:23

Health: 0/27       AC:  4    Str: 14    XL:     3   Next: 35%
Magic:  3/3        EV: 13    Int:  9    God:
Gold:   59         SH:  0    Dex: 15    Spells: 2/2 levels left

rFire   . . .      SeeInvis .   a - +0 trident
rCold   . . .      Faith    .   (no shield)
rNeg    . . .      Spirit   .   b - +0 leather armour
rPois   .          Reflect  .   c - +0 helmet
rElec   .          Harm     .   (no cloak)
rCorr   .          Rampage  .   (no gloves)
Will    .....                   (no boots)
Stlth   +.........              (no amulet)
HPRegen 0.09/turn               (no ring)
MPRegen 0.08/turn               (no ring)

@: slowed, very slow
A: (nimble swimmer 2), mertail
a: no special abilities


You were on level 2 of the Dungeon.
You visited 1 branch of the dungeon, and saw 2 of its levels.

You collected 59 gold pieces.

Inventory:

Hand Weapons
 a - a +0 trident (weapon)
Missiles
 d - 3 throwing nets
 g - 27 sling bullets
 p - 2 poisoned darts (quivered)
Armour
 b - a +0 leather armour (worn)
 c - a +0 helmet (worn)
Scrolls
 e - a scroll of enchant armour {unknown}
 h - a scroll of identify {unknown}
 i - a scroll of teleportation {unknown}
 j - a scroll of magic mapping {unknown}
 k - a scroll of enchant weapon {unknown}
 m - a scroll of noise {unknown}
 n - a scroll of immolation {unknown}
Potions
 f - a potion of flight {unknown}
 l - a potion of lignification {unknown}
 o - a potion of heal wounds {unknown}


   Skills:
 - Level 2.1 Fighting
 + Level 6.3 Polearms
 - Level 2.0 Throwing
 - Level 4.0 Dodging


You had 2 spell levels left.
You didn't know any spells.
Your spell library was empty.

Dungeon Overview and Level Annotations

Branches:
Dungeon (2/15)

Altars:

Shops:
D:1 (

Annotations:
D:2 Natasha


Innate Abilities, Weirdness & Mutations

((You are quick and stealthy near water. (Stealth+, EV+, Speed+++)))
Your lower body shifts to a powerful aquatic tail in water.


Message History

Natasha is moderately wounded.
You barely miss Natasha.
Natasha is moderately wounded.
Natasha casts a spell.
You completely miss Natasha.
Natasha is moderately wounded.
Natasha closely misses you.
You closely miss Natasha.
Natasha is moderately wounded.
Natasha stares at you and mumbles some strange words.
You feel yourself slow down.
You barely miss Natasha.
Natasha is moderately wounded.
Natasha misses you. x2
You closely miss Natasha.
Natasha is moderately wounded.
Natasha closely misses you.
You hit Natasha but do no damage.
Natasha is moderately wounded.
Natasha claws you but does no damage. x2
You barely miss Natasha.
Natasha is lightly wounded.
Natasha claws you!
You hit Natasha but do no damage.
Natasha is lightly wounded.
Natasha claws you. x2
* * * LOW HITPOINT WARNING * * *
You hit Natasha.
Natasha is moderately wounded.
Natasha barely misses you.
You hit Natasha but do no damage.
Natasha is moderately wounded.
Natasha claws you.
* * * LOW HITPOINT WARNING * * *
You hit Natasha.
Natasha is heavily wounded.
Natasha claws you.
* * * LOW HITPOINT WARNING * * *
Natasha claws you.
You die...

#.######....# ####
#.##.....##.#
♣♣#########.##.>...##...
♣♣P.................####.#
. ♣♣.P....#####......).#
... ♣)P....## ###......#
### ♣.♣)P..## #5.....# ..
♣♣♣##.## #h###### #.##
#..## #@# #... #######...#
#....# #.###. ..........#
#.#..# #.....
..........###.##... ###
###... ..............
#...##.. ....##
.....>.....#######.#..#
#.#
................##....# .
.........####.........#
..#......####.#.###...#


You could see Natasha and a white imp (summoned).

Vanquished Creatures
  A dart slug (D:2)
  3 bats
  4 endoplasms (D:1)
  2 giant cockroaches (D:1)
  2 goblins (D:1)
  3 hobgoblins
  4 kobolds
  A quokka (D:2)
  7 ball pythons
  A frilled lizard (D:1)
  A rat (D:1)
29 creatures vanquished.

Notes
Turn   | Place    | Note
-------+----------+-------------------------------------------
     0 | D:1      | mcbry74 the Merfolk Gladiator began the quest for the Orb.
     0 | D:1      | Reached XP level 1. HP: 16/16 MP: 1/1
   127 | D:1      | Reached skill level 5 in Polearms
   133 | D:1      | Reached XP level 2. HP: 22/22 MP: 2/2
   573 | D:1      | Found a faded altar of an unknown god.
  1007 | D:1      | Found Wero's Weapon Shoppe.
  1205 | D:1      | Reached skill level 6 in Polearms
  1205 | D:1      | Reached XP level 3. HP: 27/27 MP: 3/3
  1826 | D:2      | Noticed Natasha
  1852 | D:2      | HP: 1/27 [Natasha (4)]
  1852 | D:2      | Slain by Natasha

Illustrated notes

Levels and vault maps discovered:
D:1:      co_arrival_square_in_a_square_in_a_square, layout_basic,
          serial_aquarium, aquarium_bridge_island_small
          [aquarium_subvault_small_open, aquarium_subvault_wall,
          aquarium_subvault_bridge, aquarium_subvault_bridge,
          aquarium_subvault_bridge], aquarium_bridge_long_joined
          [aquarium_subvault_bridge, aquarium_subvault_balcony,
          aquarium_subvault_bridge, aquarium_subvault_window,
          aquarium_subvault_bridge, aquarium_subvault_bridge],
          aquarium_window_fake, aquarium_window_3, aquarium_window_2,
          aquarium_view_2e, aquarium_view_2d, aquarium_balcony_3b,
          aquarium_pool_five, serial_shops, shop_statue,
          chequers_ecumenical_altar_simple, minmay_stone_trees_small
D:2:      layout_rooms, hangedman_abyss_or_decor_stabs, uniq_natasha,
          uniq_crazy_yiuf_cottage

Skill      XL: |  1  2 |
---------------+-------+-----
Polearms       | 5 6 |  6.3
Fighting       | |  2.1
Throwing       | |  2.0
Dodging        | |  4.0

Action                   || total
-------------------------++-------
Melee: Trident           ||    80
Throw: Dart              ||     2
 Stab: Sleeping          ||     1
Armor: Leather armour    ||    13
Dodge: Dodged            ||    45

Table legend: (Time is in decaauts)
 A = Elapsed time spent in this place.
 B = Non-inter-level travel time spent in this place.
 C = Inter-level travel time spent in this place.
 D = Time resting spent in this place.
 E = Time spent auto-exploring this place.
 F = Levels seen in this place.
 G = Mean time per level.
                   A        B        C        D        E       F      G
               +--------+--------+--------+--------+--------+-----+--------+
         Total |   1857 |   1823 |     34 |    401 |   1172 |   2 |  928.5 |
       Dungeon |   1857 |   1823 |     34 |    401 |   1172 |   2 |  928.5 |
               +--------+--------+--------+--------+--------+-----+--------+

Top non-repeatable levels by time:
     D:1: 1510 daAuts
     D:2: 346 daAuts
